 Dungeon Crawl Stone Soup version 0.28-a0-178-ga708605c5b (webtiles) character file.

Game seed: 13562056224145941645

67 dolemite99 the Poker (level 3, 0/29 HPs)
             Began as a Demonspawn Berserker on Aug 18, 2021.
             Was a Believer of Trog.
             Succumbed to an adder's poison
             ... on level 3 of the Dungeon.
             The game lasted 00:05:03 (2511 turns).

dolemite99 the Poker (Demonspawn Berserker)         Turns: 2511, Time: 00:05:03

Health: 0/29       AC: 10    Str: 18    XL:     3   Next: 98%
Magic:  3/3        EV:  5    Int:  8    God:    Trog [**....]
Gold:   76         SH:  0    Dex: 12    Spells: 2/2 levels left

rFire   . . .      SeeInvis .   a - +0 dagger (elec)
rCold   . . .      Faith    .   (no shield)
rNeg    . . .      Spirit   .   n - +0 plate armour
rPois   .          Reflect  .   (no helmet)
rElec   .          Harm     .   (no cloak)
rCorr   .          Rampage  .   (no gloves)
Will    .....                   (no boots)
Stlth   ..........              (no amulet)
HPRegen 0.09/turn               (no ring)
MPRegen 0.08/turn               (no ring)

@: lethally poisoned (0 -> -1), on berserk cooldown, slowed, very slow
A: hooves 1
a: Renounce Religion, Berserk, Trog's Hand


You were on level 3 of the Dungeon.
You worshipped Trog.
Trog was pleased with you.
You visited 1 branch of the dungeon, and saw 3 of its levels.

You collected 76 gold pieces.

Inventory:

Hand Weapons
 a - a +0 dagger of electrocution (weapon)
 l - a +0 spear
Missiles
 c - 90 stones
 d - 29 poisoned darts (quivered)
 f - 24 arrows
 m - 8 boomerangs
Armour
 b - a +0 animal skin
 n - a +0 plate armour (worn)
Scrolls
 i - 2 scrolls of magic mapping {unknown}
 j - a scroll of teleportation {unknown}
Potions
 e - a potion of attraction {unknown}
 g - a potion of degeneration {unknown}
 h - a potion of resistance {unknown}
 k - a potion of invisibility {unknown}


   Skills:
 - Level 3.0 Fighting
 + Level 1.3 Short Blades
 - Level 4.1 Polearms
 - Level 1.7 Armour
 - Level 1.7 Dodging


You had 2 spell levels left.
You didn't know any spells.
Your spell library was empty.

Dungeon Overview and Level Annotations

Branches:
Dungeon (3/15)

Altars:


Innate Abilities, Weirdness & Mutations

You have large cloven feet.


Message History

You feel sick. The goblin hits you with a +0 dagger. The adder bites you.
* * * LOW HITPOINT WARNING * * *
The goblin hits you with a +0 club.
* * * LOW HITPOINT WARNING * * *
A red film seems to cover your vision as you go berserk!
You feel yourself moving faster!
You feel mighty!
* * * LOW HITPOINT WARNING * * *
You feel sick. The adder bites you but does no damage.
The goblin hits you but does no damage. x2
You closely miss the adder.
The adder is severely wounded.
* * * LOW HITPOINT WARNING * * *
You feel sick. The adder bites you but does no damage.
The goblin hits you but does no damage. The goblin barely misses you.
You puncture the adder!
You kill the adder!
Trog accepts your kill.
* * * LOW HITPOINT WARNING * * *
You feel sick. The goblin barely misses you.
Your Short Blades skill increases to level 1!
You puncture the goblin! Lightning courses through the goblin!
You kill the goblin!
Trog accepts your kill. The goblin barely misses you.
You closely miss the goblin. Your kick misses the goblin.
* * * LOW HITPOINT WARNING * * *
You feel sick. The goblin hits you but does no damage.
You closely miss the goblin. You kick the goblin.
You kill the goblin!
Trog accepts your kill.
* * * LOW HITPOINT WARNING * * *
You feel sick.
There is a stone staircase leading up here.
You feel a strong urge to attack something.
* * * LOW HITPOINT WARNING * * *
You feel sick.
You feel your anger nearly subside.
You are no longer berserk.
You are exhausted.
You feel yourself slow down.
You die...

..... ##.# ....##
.....####..####......
........$............
...........(.........
...................##
..............>......
........))...........
....#.@††...........
.....................
######...............
...................
####...############
#.### #. .. ...


There were no monsters in sight!

Vanquished Creatures
  An adder (D:3)
  3 worms (D:2)
  8 ball pythons
  7 endoplasms
  A giant cockroach (D:1)
  9 goblins
  5 hobgoblins (D:1)
  A kobold (D:1)
  2 quokkas
  A bat (D:1)
  2 frilled lizards
  6 rats (D:1)
46 creatures vanquished.

Notes
Turn   | Place    | Note
-------+----------+-------------------------------------------
     0 | D:1      | dolemite99 the Demonspawn Berserker began the quest for the
                  | Orb.
     0 | D:1      | Reached XP level 1. HP: 18/18 MP: 1/1
   299 | D:1      | Reached skill level 3 in Polearms
   387 | D:1      | Gained mutation: You have large cloven feet. [demonic
                  | ancestry]
   387 | D:1      | Reached XP level 2. HP: 24/24 MP: 2/2
   407 | D:1      | Found a faded altar of an unknown god.
   407 | D:1      | Noticed an ice devil
   869 | D:1      | Reached ** piety under Trog
  1285 | D:2      | Reached XP level 3. HP: 29/29 MP: 3/3
  1656 | D:2      | Reached skill level 4 in Polearms
  2505 | D:3      | Reached skill level 1 in Short Blades
  2509 | D:3      | HP: 2/43 [poisoned by an adder]
  2511 | D:3      | Succumbed to an adder's poison

Illustrated notes

Levels and vault maps discovered:
D:1:      mushboom_english_gardens, layout_basic,
          dreamdust_ecumenical_altar_sealed_demon
D:2:      layout_basic, uniq_sigmund
D:3:      minmay_door_path, layout_rooms, uniq_jessica

Skill      XL: |  1  2  3 |
---------------+----------+-----
Polearms       | 3 4 |  4.1
Short Blades   | 1 |  1.3
Fighting       | |  3.0
Armour         | |  1.7
Dodging        | |  1.7

Action                   || total
-------------------------++-------
Melee: Spear             ||   100
       Kick              ||    14
       Dagger            ||    14
Throw: Stone             ||     8
       Dart              ||    15
Invok: Berserk           ||     6
 Stab: Sleeping          ||     2
Armor: Animal skin       ||     6
       Plate armour      ||    20
Dodge: Dodged            ||    43

Table legend: (Time is in decaauts)
 A = Elapsed time spent in this place.
 B = Non-inter-level travel time spent in this place.
 C = Inter-level travel time spent in this place.
 D = Time resting spent in this place.
 E = Time spent auto-exploring this place.
 F = Levels seen in this place.
 G = Mean time per level.
                   A        B        C        D        E       F      G
               +--------+--------+--------+--------+--------+-----+--------+
         Total |   2562 |   2484 |     78 |    574 |   1237 |   3 |  854.0 |
       Dungeon |   2562 |   2484 |     78 |    574 |   1237 |   3 |  854.0 |
               +--------+--------+--------+--------+--------+-----+--------+

Top non-repeatable levels by time:
     D:1: 1294 daAuts
     D:2: 1237 daAuts
     D:3: 30 daAuts
